 Dungeon Crawl Stone Soup version 0.31.0-12-g77e489cdc1 (webtiles) character file.

Game seed: 14151526343534807723

156 monsoonserge the Ruffian (level 5, -1/33 HPs)
             Began as an Octopode Shapeshifter on Feb 11, 2024.
             Succumbed to Ijyb's poison
             ... on level 3 of the Dungeon.
             The game lasted 00:04:44 (1923 turns).

monsoonserge the Ruffian (Octopode Shapeshifter)    Turns: 1923, Time: 00:04:44

Health: -1/33      AC:  1    Str: 15    XL:     5   Next: 37%
Magic:  5/5        EV: 13    Int: 12    God:
Gold:   191        SH:  0    Dex: 12    Spells: 4/4 levels left

rFire   . .          .
                       - Unarmed
rCold   . . .        (no shield)
rNeg    . . .        (helmet currently unavailable)
rPois   .            (no amulet)
rElec   .            (no ring)
rCorr   .            (no ring)
SInv    .            (no ring)
Will    +....        (no ring)
Stlth   +++          (no ring)
HPRegen 0.25/turn    (no ring)
MPRegen 0.09/turn    (no ring)
                     (no ring)

%: no passive effects
@: brilliant, lethally poisoned (-1 -> -13), beast-form, enlightened, flying
A: beast (slay +1), almost no armour, amphibious, 8 rings, camouflage 1,
gelatinous body 1, (nimble swimmer 1), tentacles
a: Begin Untransformation


You were on level 3 of the Dungeon.
You were a hulking beast.
You visited 1 branch of the dungeon, and saw 3 of its levels.

You collected 191 gold pieces.

Inventory:

Missiles
 g - 2 javelins (quivered)
Jewellery
 m - a ring of protection from cold
Talismans
 b - a beast talisman
 c - a flux talisman
 h - a maw talisman
Wands
 j - a wand of acid (11)
Scrolls
 d - a scroll of fear {unknown}
 e - a scroll of silence {unknown}
 f - 6 scrolls of teleportation {unknown}
 k - a scroll of blinking {unknown}
 l - a scroll of immolation {unknown}
 o - 2 scrolls of vulnerability {unknown}
 p - 3 scrolls of identify {unknown}
Potions
 a - 2 potions of lignification
 i - a potion of brilliance


   Skills:
 - Level 1.0 Fighting
 - Level 2.0 Dodging
 - Level 1.0 Stealth
 + Level 5.5 Unarmed Combat
 - Level 3.4 Shapeshifting


You had 4 spell levels left.
You didn't know any spells.
Your spell library was empty.

Dungeon Overview and Level Annotations

Branches:
Dungeon (3/15)

Altars:
Kikubaaqudgha

Annotations:
D:3 Ijyb


Innate Abilities, Weirdness & Mutations

You are a hulking beast.
Your limbs bulge with bestial killing power. (Slay +1)
You cannot wear most types of armour.
You are amphibious.
You can wear up to eight rings at the same time.
Your skin changes colour to match your surroundings (Stealth+).
Your rubbery body absorbs attacks. (AC +1, EV +1)
((You are camouflaged when in or above water. (Stealth+)))
You have tentacles for arms and can constrict up to eight enemies at once.


Message History

Your grab misses the giant cockroach. The giant cockroach bites you.
The giant cockroach misses you.
You tentacle-slap the giant cockroach. You grab the giant cockroach.
The giant cockroach is severely wounded.
You constrict the giant cockroach.
You kill the giant cockroach!
You see here a giant cockroach corpse.
Ijyb the Twisted Goblin comes into view.
She is wielding a +2 dagger of venom, wearing a +0 leather armour of positive energy and carrying a wand of flame.
Ijyb shouts!
Ijyb screams, "Die!"
Ijyb barely misses you.
You closely miss Ijyb. You grab Ijyb. You squeeze Ijyb.
Ijyb is lightly wounded.
You constrict Ijyb.
Ijyb zaps a wand.
The puff of flame hits you!
You barely miss Ijyb. You squeeze Ijyb.
Ijyb is moderately wounded.
You constrict Ijyb.
Ijyb zaps a wand.
The puff of flame hits you!
You tentacle-slap Ijyb.
Ijyb is heavily wounded.
You constrict Ijyb, but do no damage.
Ijyb hits you with a +2 dagger of venom.
You are lethally poisoned!
You tentacle-slap Ijyb but do no damage.
Ijyb is heavily wounded.
You constrict Ijyb, but do no damage.
* * * LOW HITPOINT WARNING * * *
You feel very sick.
Ijyb hits you with a +2 dagger of venom.
* * * LOW HITPOINT WARNING * * *
You are more poisoned.
It was a potion of brilliance.
You feel clever all of a sudden.
You constrict Ijyb.
* * * LOW HITPOINT WARNING * * *
You feel very sick. Ijyb barely misses you.
It was a potion of enlightenment.
You feel very buoyant.
You fly up into the air.
You constrict Ijyb.
You die...

##......#.####......#.).#### ####
........#.########.##.#.##<###
#.......#..†..........#......#
#.......#.########.#######.#.####
#.......#.## #.# #.#....#
#..........# #.# #.#.....
..########.#######.# #.##....
..## ........†.# #.##.... ...#
.......h### #.#####. ...#
....###g...# #.# #.. ...# #...#
#....# #.# ##.# #...# #....# ...
##.# #....# ###. ##.# #....# #.
##.# ###+## #. ##.# ##.#


You could see Ijyb.

Vanquished Creatures
  A bombardier beetle (D:3)
  An orc wizard (D:3)
  2 adders (D:3)
  A ribbon worm (D:3)
  A dart slug (D:2)
  4 orcs (D:3)
  9 ball pythons
  2 bats (D:2)
  3 endoplasms (D:2)
  6 giant cockroaches
  3 goblins
  6 hobgoblins
  6 jackals
  4 kobolds (D:1)
  4 quokkas
  8 frilled lizards
  4 rats
65 creatures vanquished.

Notes
Turn   | Place    | Note
-------+----------+-------------------------------------------
     0 | D:1      | monsoonserge the Octopode Shapeshifter began the quest for
                  | the Orb.
     0 | D:1      | Reached XP level 1. HP: 13/13 MP: 1/1
   187 | D:1      | Reached XP level 2. HP: 16/18 MP: 2/2
   194 | D:1      | Found a faded altar of an unknown god.
   685 | D:1      | Reached XP level 3. HP: 22/23 MP: 3/3
  1090 | D:2      | Reached skill level 4 in Unarmed Combat
  1608 | D:3      | Reached XP level 4. HP: 25/28 MP: 4/4
  1676 | D:3      | Reached skill level 1 in Stealth
  1695 | D:3      | Reached skill level 5 in Unarmed Combat
  1695 | D:3      | Reached XP level 5. HP: 33/33 MP: 5/5
  1755 | D:3      | Found an ancient bone altar of Kikubaaqudgha.
  1916 | D:3      | Noticed Ijyb
  1922 | D:3      | HP: 1/33 [poisoned by Ijyb]
  1923 | D:3      | Succumbed to Ijyb's poison

Illustrated notes

Levels and vault maps discovered:
D:1:      psy_arrival_radial01, layout_loops_ring, ebering_ecumenical_altar_rust
D:2:      layout_basic, corexii_hall_statues_u
D:3:      layout_basic, kiku_gazebo_garden_becter, uniq_ijyb

Skill      XL: |  1  2  3  4 |
---------------+-------------+-----
Unarmed Combat | 4 5 |  5.5
Stealth        | 1 |  1.0
Fighting       | |  1.0
Dodging        | |  2.0
Shapeshifting  | |  3.4

Action                     |  1- 3 |  4- 6 || total
---------------------------+-------+-------++-------
  Melee: Unarmed           |    95 |    32 ||   127
         Constrict         |    16 |    11 ||    27
         Tentacles         |     8 |     6 ||    14
         Punch             |     3 |       ||     3
    Use: Potion            |       |     2 ||     2
   Stab: Sleeping          |     9 |     1 ||    10
 Armour: Skin              |    34 |    12 ||    46
  Dodge: Dodged            |    57 |    10 ||    67
